 Dungeon Crawl Stone Soup version 0.29.0-4-gdea44cf6ec (webtiles) character file.

Game seed: 7907807619560390453

1740 Zeldest the Grappler (level 8, -1/80 HPs)
             Began as a Troll Fighter on Aug 27, 2022.
             Slain by a gnoll
             ... wielding a +0 spear
             ... led by a gnoll sergeant
              (5 damage)
             ... on level 6 of the Dungeon.
             The game lasted 00:04:17 (4216 turns).

Zeldest the Grappler (Troll Fighter)                Turns: 4216, Time: 00:04:18

Health: -1/80      AC:  4    Str: 27    XL:     8   Next: 77%
Magic:  7/7        EV:  8    Int:  4    God:
Gold:   328        SH:  7    Dex:  9    Spells: 7/7 levels left

rFire   + . .      SeeInvis .     - Unarmed
rCold   + . .      Faith    .   b - +0 kite shield
rNeg    + . .      Spirit   .   a - +0 robe
rPois   .          Reflect  .   (helmet restricted)
rElec   .          Harm     .   i - scarf {rC+ rF+}
rCorr   .          Rampage  .   (gloves unavailable)
Will    .....                   (boots unavailable)
Stlth   +.........              (no amulet)
HPRegen 1.03/turn               D - ring of positive energy
MPRegen 0.10/turn               (no ring)

@: no status effects
A: large, unfitting armour, claws 3, regeneration 1, shaggy fur 1, tough skin 1
a: no special abilities


You were on level 6 of the Dungeon.
You visited 2 branches of the dungeon, and saw 7 of its levels.

You collected 328 gold pieces.

Inventory:

Missiles
 F - 2 throwing nets (quivered)
Armour
 a - a +0 robe (worn)
 b - a +0 kite shield (worn)
 i - a scarf of resistance (worn)
Jewellery
 u - a +6 ring of intelligence
 w - a +6 ring of intelligence
 D - a ring of positive energy (left claw)
Wands
 s - a wand of polymorph (21)
 A - a wand of digging (6)
Scrolls
 d - a scroll of blinking {unknown}
 e - 3 scrolls of teleportation {unknown}
 f - 5 scrolls of vulnerability {unknown}
 g - 3 scrolls of identify {unknown}
 k - a scroll of magic mapping {unknown}
 m - a scroll of enchant armour {unknown}
 n - a scroll of fear {unknown}
 o - 5 scrolls of enchant weapon {unknown}
 p - 3 scrolls of poison {unknown}
 r - 3 scrolls of immolation {unknown}
 y - a scroll of butterflies {unknown}
 z - a scroll of brand weapon {unknown}
 C - a scroll of noise {unknown}
Potions
 c - a potion of might
 h - 3 potions of curing
 j - 2 potions of lignification {unknown}
 l - 4 potions of degeneration {unknown}
 q - a potion of ambrosia {unknown}
 t - 3 potions of attraction {unknown}
 v - a potion of experience {unknown}
 x - a potion of heal wounds {unknown}
 B - a potion of magic {unknown}
 E - a potion of mutation {unknown}


   Skills:
 + Level 5.3 Fighting
 + Level 4.9 Throwing
 - Level 2.4 Dodging
 - Level 2.6 Shields
 * Level 8.2 Unarmed Combat


You had 7 spell levels left.
You didn't know any spells.
Your spell library contained the following spells:

 Spells                   Type           Power      Damage    Failure   Level
 Sandblast                Erth           0%         2d4       80%         1
 Ensorcelled Hibernation  Hex/Ice        0%         N/A       91%         2
 Passwall                 Tmut/Erth      0%         N/A       91%         2
 Sublimation of Blood     Necr           0%         N/A       91%         2
 Wereblood                Tmut           0%         N/A       91%         2
 Ozocubu's Armour         Ice            0%         N/A       99%         3
 Spider Form              Tmut/Pois      0%         N/A       99%         3
 Stone Arrow              Conj/Erth      0%         3d7       99%         3
 Anguish                  Hex/Necr       0%         N/A       100%        4
 Corpse Rot               Necr/Pois/Air  0%         N/A       100%        4
 Dispel Undead            Necr           0%         3d6       100%        4
 Metabolic Englaciation   Hex/Ice        0%         N/A       100%        5
 Death Channel            Necr           0%         N/A       100%        6
 Simulacrum               Ice/Necr       0%         N/A       100%        6
 Summon Hydra             Summ           0%         N/A       100%        7


Dungeon Overview and Level Annotations

Branches:
Dungeon (6/15)             Temple (1/1) D:5

Altars:
Cheibriados
Dithmenos
Fedhas
Hepliaklqana
Kikubaaqudgha
Makhleb
Okawaru
Ru
Sif Muna
Trog
Uskayaw
Wu Jian

Shops:
D:4 :   D:6 [

Annotations:
D:3 1 runed translucent door, Crazy Yiuf


Innate Abilities, Weirdness & Mutations

You are too large for most types of armour.
You have claws for hands.
Your natural rate of healing is unusually fast.
You are covered in fur. (AC +1)
You have tough skin. (AC +1)


Message History

You are too injured to fight recklessly!
You are too injured to fight recklessly!
You are too injured to fight recklessly!
You are too injured to fight recklessly!
You are too injured to fight recklessly!
You are too injured to fight recklessly!
You are too injured to fight recklessly!
You are too injured to fight recklessly!
You are too injured to fight recklessly!
You are too injured to fight recklessly!
You are too injured to fight recklessly!
You are too injured to fight recklessly!
You are too injured to fight recklessly!
You are too injured to fight recklessly!
You are too injured to fight recklessly!
You are too injured to fight recklessly!
You are too injured to fight recklessly!
You are too injured to fight recklessly!
You are too injured to fight recklessly!
You scratch the gnoll sergeant but do no damage.
The gnoll hits you with a +0 spear!
The gnoll sergeant hits you with a +0 trident!
You mangle the gnoll sergeant!!
The gnoll sergeant is almost dead.
The gnoll hits you with a +0 spear!
The gnoll sergeant hits you with a +0 trident!!
* * * LOW HITPOINT WARNING * * *
You closely miss the gnoll sergeant.
The gnoll sergeant is almost dead.
The gnoll hits you with a +0 spear.
* * * LOW HITPOINT WARNING * * *
The gnoll sergeant hits you but does no damage.
You mangle the gnoll sergeant!!
You kill the gnoll sergeant!
The gnoll hits you with a +0 spear.
* * * LOW HITPOINT WARNING * * *
You scratch the gnoll.
The gnoll is moderately wounded.
The gnoll hits you with a +0 spear.
You die...

######...#
.........#
........####
#.........##
#.......... .......
#.g)# #)@.# #...#
##.## #.#
#.#####.######
#............#
........####.#######
######### #...)..<#
#######.#


You could see a gnoll.

Vanquished Creatures
  Duvessa (D:4)
  2 black bears (D:5)
  An ogre (D:3)
  A bullfrog (D:6)
  A necrophage (D:6)
  2 gnoll sergeants (D:6)
  6 scorpions
  4 wights (D:6)
  Dowan (D:4)
  A hound (D:5)
  A jelly (D:6)
  2 iguanas (D:5)
  Ijyb (D:3)
  Natasha (thrice) (D:2)
  2 orc wizards
  7 gnolls (D:6)
  10 adders
  A shadow imp (D:6)
  A worm (D:3)
  A dart slug (D:4)
  11 orcs
  5 ball pythons
  4 endoplasms
  6 giant cockroaches
  5 goblins
  6 hobgoblins
  7 jackals
  7 kobolds
  2 quokkas (D:1)
  7 bats
  6 frilled lizards
  8 rats
123 creatures vanquished.

Notes
Turn   | Place    | Note
-------+----------+-------------------------------------------
     0 | D:1      | Zeldest the Troll Fighter began the quest for the Orb.
     0 | D:1      | Reached XP level 1. HP: 22/22 MP: 0/0
   112 | D:1      | Reached XP level 2. HP: 29/29 MP: 1/1
   460 | D:1      | Reached skill level 1 in Throwing
   473 | D:1      | Found a faded altar of an unknown god.
   669 | D:1      | You fall into a shaft and drop 1 floor!
   712 | D:2      | Noticed Natasha
   719 | D:2      | Reached skill level 3 in Unarmed Combat
   719 | D:2      | Reached XP level 3. HP: 36/36 MP: 2/2
   742 | D:2      | Killed Natasha
   778 | D:2      | Reached XP level 4. HP: 44/44 MP: 3/3
   895 | D:2      | Noticed Natasha
   901 | D:2      | Killed Natasha
  1020 | D:2      | Reached XP level 5. HP: 53/53 MP: 4/4
  1055 | D:2      | Reached skill level 4 in Unarmed Combat
  1430 | D:2      | Noticed Natasha
  1437 | D:2      | Killed Natasha
  1464 | D:3      | Noticed Ijyb
  1475 | D:3      | Killed Ijyb
  1564 | D:3      | Found a shimmering blue altar of Sif Muna.
  1761 | D:3      | Found a bloodstained altar of Trog.
  1859 | D:3      | Noticed an ogre
  1867 | D:3      | Killed an ogre
  1868 | D:3      | Reached XP level 6. HP: 61/61 MP: 5/5
  1987 | D:3      | Found a runed translucent door.
  1988 | D:3      | Noticed Crazy Yiuf
  2570 | D:4      | Noticed Dowan
  2571 | D:4      | Noticed Duvessa
  2585 | D:4      | Killed Duvessa
  2586 | D:4      | Reached skill level 5 in Unarmed Combat
  2605 | D:4      | Killed Dowan
  2606 | D:4      | Reached XP level 7. HP: 33/68 MP: 6/6
  2894 | D:4      | Found Oddud's Book Emporium.
  3187 | D:5      | Entered Level 5 of the Dungeon
  3296 | D:5      | Found a staircase to the Ecumenical Temple.
  3308 | D:5      | Reached skill level 6 in Unarmed Combat
  3320 | Temple   | Entered the Ecumenical Temple
  3681 | D:5      | Reached XP level 8. HP: 79/79 MP: 7/7
  3864 | D:6      | Found a burning altar of Makhleb.
  3892 | D:6      | Found Uvomusa's Armour Shoppe.
  3903 | D:6      | Reached skill level 7 in Unarmed Combat
  3916 | D:6      | Found an ancient bone altar of Kikubaaqudgha.
  4020 | D:6      | Reached skill level 5 in Fighting
  4073 | D:6      | Reached skill level 8 in Unarmed Combat
  4215 | D:6      | HP: 3/80 [gnoll/+0 spear[a gnoll sergeant] (3)]
  4216 | D:6      | Slain by a gnoll

Illustrated notes

Levels and vault maps discovered:
D:1:      lemuel_arrival_cross, layout_basic,
          hellmonk_ecumenical_altar_leap_of_faith, minmay_crystal_room,
          chequers_serial_rivers_micro_b, chequers_garden, hex_large
D:2:      layout_loops_cross, nicolae_elevator_lobby_plus, uniq_natasha
D:3:      layout_basic, amcnicky_altar_gilded, trog_hazing_becter, minivault_5,
          uniq_ijyb, uniq_crazy_yiuf_cottage
D:4:      layout_basic, serial_shops, shop, amcnicky_mini_rare_corridor_liquid,
          minmay_misc_feat_iff, small_statue_intersection, grunt_tough_drop,
          uniq_duvessa
D:5:      layout_basic, minmay_temple_entry_large_hall, nicolae_eternal_life
D:6:      layout_loops_ring, mainiacjoe_overflow_catwalk_spiral, serial_shops,
          shop
Temple:   nicolae_temple_x_marks_the_god

Skill      XL: |  1  2  3  4  5  6  7  8 |
---------------+-------------------------+-----
Throwing       | 1 2 3 4 |  4.9
Unarmed Combat | 3 4 5 6 8 |  8.2
Fighting       | 3 4 5 |  5.3
Dodging        | |  2.4
Shields        | |  2.6

Action                   |  1- 3 |  4- 6 |  7- 9 || total
-------------------------+-------+-------+-------++-------
Melee: Unarmed           |    94 |   155 |   135 ||   384
 Stab: Sleeping          |     1 |       |       ||     1
Armor: Robe              |    29 |    50 |    30 ||   109
Dodge: Dodged            |    42 |    45 |    50 ||   137
Block: Kite shield       |    38 |    60 |    52 ||   150
